 Dungeon Crawl Stone Soup version 0.30-a0-241-g1121274140 (webtiles) character file.

Game seed: 8630857380070387740

58798 Essalna the Devastator (level 14, 0/98 HPs)
             Began as a Gargoyle Fire Elementalist on Oct 11, 2022.
             Was a High Priest of Vehumet.
             Killed from afar by an efreet (36 damage)
             ... with a bolt of fire
             ... on level 13 of the Dungeon.
             The game lasted 00:57:52 (27645 turns).

Essalna the Devastator (GrFE)                      Turns: 27645, Time: 00:57:53

Health: 0/98       AC: 29    Str: 12    XL:     14   Next: 92%
Magic:  31/36      EV: 13    Int: 26    God:    Vehumet [*****.]
Gold:   1585       SH:  0    Dex: 10    Spells: 10/17 levels left

rFire   . . .      SeeInvis .    l - +2 dagger (elec)
rCold   . . .      Faith    .    (no shield)
rNeg    + . .      Spirit   .    B - +2 robe {Will+}
rPois   ∞          Reflect  .    C - +3 hat of Pondering {ponderous, Will+ MP+10 Int+5}
rElec   +          Harm     .    v - +0 cloak
rCorr   .          Rampage  .    k - +1 pair of gloves
Will    +++..                    n - +2 pair of boots
Stlth   ++........               (no amulet)
HPRegen 0.36/turn                u - +4 ring of protection
MPRegen 0.25/turn                S - ring of magical power

@: flying, slow
A: sickness immunity, AC +10, big wings, negative energy resistance 1,
electricity resistance, torment resistance 1, petrification resistance
a: Renounce Religion


You were on level 13 of the Dungeon.
You worshipped Vehumet.
Vehumet was extremely pleased with you.
You visited 3 branches of the dungeon, and saw 19 of its levels.
You also visited: Sewer and Bailey.

You collected 1585 gold pieces.

Inventory:

Hand Weapons
 c - a +0 dagger of protection
 l - a +2 dagger of electrocution (weapon)
Armour
 d - a +2 robe of cold resistance
 k - a +1 pair of gloves (worn)
 n - a +2 pair of boots (worn)
 v - a +0 cloak (worn)
 A - the +4 skin of Zhor {*Englaciate rC+++ SInv}
   (You found it on level 7 of the Dungeon)

   It radiates cold, occasionally slowing all nearby creatures who are not
   resistant to cold.
   rC:        It renders you almost immune to cold.
   SInv:      It lets you see invisible.
 B - a +2 robe of willpower (worn)
 C - the +3 hat of Pondering (worn) {ponderous, Will+ MP+10 Int+5}
   (You acquired it on level 2 of the Lair of Beasts)

   Int:       It affects your intelligence (+5).
   MP:        It affects your magic capacity (+10).
   Will:      It increases your willpower.
 N - a +0 troll leather armour
Magical Staves
 a - a staff of poison
 t - a staff of conjuration
 D - a staff of earth
Jewellery
 g - a +6 ring of intelligence
 u - a +4 ring of protection (left hand)
 S - a ring of magical power (right hand)
Wands
 y - a wand of paralysis (7)
 z - a wand of light (13)
 F - a wand of mindburst (28)
 K - a wand of digging (5)
Scrolls
 i - 3 scrolls of enchant weapon
 j - 12 scrolls of identify
 o - 2 scrolls of amnesia
 p - 5 scrolls of blinking
 q - 2 scrolls of fog
 s - 3 scrolls of poison
 E - 5 scrolls of teleportation
 H - 3 scrolls of fear {unknown}
 I - a scroll of silence
 O - a scroll of vulnerability {unknown}
 Q - a scroll of immolation {unknown}
 T - a scroll of enchant armour
 U - a scroll of acquirement
Potions
 b - 5 potions of magic
 e - 7 potions of curing
 f - a potion of resistance {unknown}
 h - 9 potions of flight {unknown}
 m - a potion of cancellation {unknown}
 r - 8 potions of might {unknown}
 w - 4 potions of brilliance {unknown}
 x - a potion of invisibility {unknown}
 G - 2 potions of heal wounds {unknown}
 J - 3 potions of degeneration {unknown}
 L - 10 potions of ambrosia
 M - 3 potions of attraction {unknown}
 P - a potion of lignification {unknown}
 R - a potion of mutation {unknown}


   Skills:
 + Level 15.1 Fighting
 + Level 7.6 Armour
 + Level 6.1 Dodging
 - Level 2.1 Stealth
 - Level 2.0 Spellcasting
 + Level 15.1 Conjurations
 + Level 14.2 Fire Magic


You had 10 spell levels left.
You knew the following spells:

 Your Spells              Type           Power      Damage    Failure   Level
a - Foxfire               Conj/Fire      100%       2x1d9     1%          1
b - Scorch                Fire           100%       2d10      1%          2
c - Flame Wave            Conj/Fire      68%        2d15      1%          4

Your spell library contained the following spells:

 Spells                   Type           Power      Damage    Failure   Level
 Arcjolt                  Conj/Air       20%        1d30      3%          5
 Dazzling Flash           Conj/Hex       82%        N/A       1%          3
 Hailstorm                Conj/Ice       41%        3d10      1%          3
 Ignite Poison            Fire/Tmut/Pois 27%        N/A       1%          3
 Inner Flame              Hex/Fire       39%        N/A       1%          3
 Kindle Blastsparks       Fire/Tloc/Air  54%        2d14      1%          3
 Mephitic Cloud           Conj/Pois/Air  28%        N/A       1%          3
 Freeze                   Ice            8%         1d3       3%          1
 Poisonous Vapours        Pois/Air       4%         N/A       4%          2
 Frozen Ramparts          Ice            4%         1d1       9%          3
 Apportation              Tloc           4%         N/A       11%         1
 Necrotise                Necr           8%         1d4       11%         1
 Sting                    Tmut/Pois      8%         1d3       11%         1
 Summon Small Mammal      Summ           8%         N/A       11%         1
 Freezing Cloud           Conj/Ice/Air   14%        6-21      11%         5
 Passwall                 Tmut/Erth      1%         N/A       16%         2
 Wereblood                Tmut           2%         N/A       16%         2
 Iron Shot                Conj/Erth      20%        9d5       19%         6
 Olgreb's Toxic Radiance  Pois           2%         N/A       26%         4
 Call Canine Familiar     Summ           2%         N/A       30%         3
 Portal Projectile        Hex/Tloc       4%         N/A       30%         3
 Tukima's Dance           Hex            2%         N/A       30%         3
 Vampiric Draining        Necr           2%         2d6       30%         3
 Lee's Rapid Deconstruct  Erth           1%         3d5*      54%         5
 Leda's Liquefaction      Hex/Erth       1%         N/A       71%         4
 Agony                    Necr           2%         N/A       96%         5
 Blade Hands              Tmut           1%         N/A       96%         5
 Silence                  Hex/Air        1%         N/A       96%         5
 Summon Cactus Giant      Summ           1%         N/A       100%        6
 Summon Hydra             Summ           1%         N/A       100%        7
 Shatter                  Erth           1%         3d5*      100%        9
 Cigotuvi's Dreadful Rot  Necr/Pois/Air  Unusable   N/A       N/A         2
 Sublimation of Blood     Necr           Unusable   N/A       N/A         2

Dungeon Overview and Level Annotations

Branches:
Dungeon (13/15)            Temple (1/1) D:4            Lair (5/5) D:8
  Swamp (0/4) Lair:2       Spider (0/4) Lair:3        Slime (0/5) Lair:5
    Orc (0/2) D:11          Sewer (visited)          Bailey (visited)
 Vaults: D:13-14

Altars:
Ashenzari
Cheibriados
Dithmenos
Elyvilon
Fedhas
Gozag
Hepliaklqana
Kikubaaqudgha
Makhleb
Nemelex Xobeh
Okawaru
Qazlal
Ru
Sif Muna
Trog
Uskayaw
Vehumet
Wu Jian
Xom
Yredelemnul
Zin
The Shining One
Lugonu

Shops:
D:9 ?   D:11 (*!::

Portals:
Abyss: Lair:5


Innate Abilities, Weirdness & Mutations

You are immune to sickness and miasma.
Your stone body is resilient. (AC +10)
You are immune to poison.
Your large and strong wings let you fly.
You resist negative energy. (rN+)
You are resistant to electric shocks. (rElec)
You are resistant to unholy torment.
You are immune to petrification.


Message History

The efreet gestures at you. The bolt of fire hits you!
Casting: Scorch (safe; 1% risk of failure)
Confirm with . or Enter, or press ? or * to list all spells.
Flames lash the efreet but do no damage.
The efreet gestures at you. The bolt of fire hits you.
Casting: Scorch (safe; 1% risk of failure)
Confirm with . or Enter, or press ? or * to list all spells.
Flames lash the efreet.
The efreet completely resists.
Casting: Scorch (safe; 1% risk of failure)
Confirm with . or Enter, or press ? or * to list all spells.
Flames lash the efreet.
The efreet completely resists.
The efreet gestures at you.
The fireball explodes!
The fireball engulfs you!!
The fireball engulfs the efreet.
The efreet completely resists.
You hear a shout!
You barely miss the efreet. You punch the efreet, but do no damage.
The efreet barely misses you.
You barely miss the efreet.
The efreet hits you with a +1 scimitar of flaming.
The efreet burns you.
You hit the efreet but do no damage.
The efreet hits you with a +1 scimitar of flaming.
The efreet burns you.
You hit the efreet but do no damage.
The efreet hits you with a +1 scimitar of flaming.
The efreet burns you.
The efreet hits you with a +1 scimitar of flaming.
The efreet burns you.
You hear the crackle of electricity.
l - a +2 dagger of electrocution (weapon)
You hit the efreet but do no damage. The efreet gestures at you.
The fireball explodes!
The fireball engulfs you!
The fireball engulfs the efreet.
The efreet completely resists.
You completely miss the efreet. The efreet gestures at you.
The bolt of fire hits you!!!
You die...

#.............#
###.
#............##
##
#............#
#
#............#
#............#
#.....#......#
########.....#
## #.....# #.
##.@..# #.
#.R..# #
..#...#
........#
..........#
...........
...........# #
...........# ##
.......°.....#
#.


You could see an efreet.

Vanquished Creatures
  Nessos (Lair:4)
  Snorg (Lair:3)
  6 hydras
  A two-headed ogre (D:9)
  Urug (D:10)
  3 thrashing horrors (Lair:5)
  4 death yaks (Lair:2)
  The ghost of aspa the Thaumaturge, a novice OpHW of Sif Muna (D:8)
  Amaemon (D:7)
  Lodul (D:12)
  A bog body (Lair:2)
  2 orc knights
  A deep elf pyromancer (Bailey)
  Pikel (D:9)
  A wolf spider (shapeshifter) (Lair:5)
  4 cyclopes
  4 ugly things
  2 black mambas (Lair:2)
  Maurice (D:8)
  6 elephants
  An orange demon (D:8)
  2 gargoyles (D:13)
  4 cane toads
  4 smoke demons (Lair:5)
  Maggie (Lair:2)
  Psyche (D:8)
  9 rime drakes
  4 kobold demonologists
  2 unseen horrors
  9 komodo dragons
  2 ancient zymes (Lair:5)
  4 trolls
  A queen bee (Lair:2)
  A polar bear (shapeshifter) (Lair:5)
  4 polar bears
  A hornet (D:9)
  8 blink frogs (Lair:5)
  12 dream sheep
  4 slime creatures (D:12)
  A jumping spider (Lair:3)
  2 shadows (D:12)
  12 wyverns
  2 wraiths
  Grum (D:8)
  2 ynoxinuls
  9 basilisks
  38 yaks
  A basilisk (shapeshifter) (D:13)
  A steam dragon (D:9)
  The ghost of hotpinklipstick the Trooper, an amateur OpCK of Xom (D:6)
  2 redbacks (Lair:3)
  4 vampire mosquitoes (D:13)
  A large abomination (Lair:5)
  3 acid dragons
  13 water moccasins
  2 black bears
  10 orc warriors
  2 sky beasts
  2 ice beasts (D:6)
  4 wolves (D:8)
  7 ogres
  12 centaurs
  3 lemures (D:9)
  A phantom (D:7)
  3 kobold brigands
  Blork the orc (D:5)
  9 bullfrogs
  A scorpion (D:5)
  7 wights
  39 killer bees
  3 howler monkeys
  4 jellies
  2 hounds
  2 gnoll boudas (D:9)
  9 orc priests
  Terence (D:3)
  An iguana (D:4)
  7 orc wizards
  Ijyb (D:4)
  7 hell rats (Lair:4)
  11 small abominations (Lair:5)
  8 gnolls
  2 river rats
  20 adders
  2 shadow imps (D:8)
  3 white imps
  An ufetubus (D:6)
  4 worms
  3 dart slugs
  55 orcs
  7 bats
  6 endoplasms
  2 giant cockroaches
  15 goblins
  8 hobgoblins
  12 jackals
  23 kobolds
  7 quokkas
  16 ball pythons
  3 frilled lizards
  5 rats
  3 bushes
566 creatures vanquished.

Vanquished Creatures (collateral kills)
  30 foxfires
30 creatures vanquished.

Vanquished Creatures (others)
  A bush (Lair:5)
  2207 foxfires
  60 fungi
  66 plants
2334 creatures vanquished.

Grand Total: 2930 creatures vanquished

Notes
Turn   | Place    | Note
-------+----------+-------------------------------------------
     0 | D:1      | Essalna the Gargoyle Fire Elementalist began the quest for
                  | the Orb.
     0 | D:1      | Reached XP level 1. HP: 10/10 MP: 3/3
   176 | D:1      | Reached XP level 2. HP: 14/16 MP: 1/5
   246 | D:1      | Reached skill level 1 in Fighting
   306 | D:1      | Found a faded altar of an unknown god.
   848 | D:1      | Reached XP level 3. HP: 20/20 MP: 2/6
  1751 | D:1      | Learned a level 2 spell: Scorch
  2091 | D:2      | Reached XP level 4. HP: 26/26 MP: 2/7
  3029 | D:2      | Reached XP level 5. HP: 31/31 MP: 3/8
  4018 | D:3      | Noticed a black bear
  4022 | D:3      | Killed a black bear
  4023 | D:3      | Reached XP level 6. HP: 32/37 MP: 0/9
  4357 | D:3      | Noticed Terence
  4362 | D:3      | Killed Terence
  4414 | D:3      | Found a burning altar of Makhleb.
  4860 | D:4      | Found a staircase to the Ecumenical Temple.
  5033 | D:4      | Found a shimmering blue altar of Sif Muna.
  5204 | D:4      | Noticed Ijyb
  5310 | D:4      | Found a basalt altar of Yredelemnul.
  5488 | D:4      | Reached skill level 5 in Fire Magic
  5614 | D:4      | Reached XP level 7. HP: 43/43 MP: 6/10
  5969 | D:4      | Killed Ijyb
  6029 | D:5      | Entered Level 5 of the Dungeon
  6071 | D:5      | Found a stormy altar of Qazlal.
  6414 | D:5      | Reached skill level 5 in Conjurations
  6617 | D:5      | Noticed Blork the orc
  6623 | D:5      | Killed Blork the orc
  6624 | D:5      | Reached skill level 5 in Fighting
  7436 | Temple   | Entered the Ecumenical Temple
  7516 | D:6      | Reached XP level 8. HP: 50/50 MP: 6/11
  7725 | D:6      | Found a bloodstained altar of Trog.
  7921 | D:6      | Found a sparkling altar of Nemelex Xobeh.
  7982 | D:6      | Found a glowing drain.
  7988 | Sewer    | Entered a sewer
  8937 | D:6      | Found a runed translucent gate.
  8937 | D:6      | Found a runed translucent gate.
  8937 | D:6      | Found a runed translucent gate.
  8939 | D:6      | Noticed hotpinklipstick's ghost (amateur OpCK)
  9151 | D:6      | Reached XP level 9. HP: 53/57 MP: 1/12
 10002 | D:6      | Killed hotpinklipstick's ghost
 10460 | D:7      | Found a radiant altar of Vehumet.
 10474 | D:7      | Became a worshipper of Vehumet
 10876 | D:7      | Noticed a rime drake
 10876 | D:7      | Noticed a rime drake
 10877 | D:7      | Noticed a rime drake
 10877 | D:7      | Noticed a rime drake
 10878 | D:7      | Noticed a rime drake
 10881 | D:7      | Noticed a rime drake
 11002 | D:7      | Killed a rime drake
 11102 | D:7      | Killed a rime drake
 11103 | D:7      | Reached XP level 10. HP: 43/65 MP: 4/13
 11265 | D:7      | Found the +4 skin of Zhor {*Englaciate rC+++ SInv}
 11403 | D:7      | Found a glowing silver altar of Zin.
 11618 | D:7      | Learned a level 4 spell: Flame Wave
 11706 | D:7      | Reached * piety under Vehumet
 11706 | D:7      | Offered knowledge of Magic Dart by Vehumet.
 11937 | D:8      | Found a flagged portal.
 11942 | D:8      | Noticed Maurice
 11950 | D:8      | Killed Maurice
 11960 | D:8      | Noticed Amaemon
 11960 | D:8      | Noticed an orange demon
 12066 | D:7      | Killed Amaemon
 12188 | D:8      | Killed an orange demon
 12189 | D:8      | Reached skill level 10 in Conjurations
 12198 | Bailey   | Entered a bailey
 12271 | Bailey   | Reached skill level 10 in Fighting
 12619 | Bailey   | Noticed an orc knight
 12628 | Bailey   | Killed an orc knight
 12629 | Bailey   | Reached skill level 10 in Fire Magic
 12629 | Bailey   | Reached XP level 11. HP: 71/73 MP: 0/14
 12769 | Bailey   | Found a large runed translucent door.
 12769 | Bailey   | Found a large runed translucent door.
 12770 | Bailey   | Noticed a deep elf pyromancer
 12858 | Bailey   | Killed a deep elf pyromancer
 13012 | D:8      | Noticed Grum
 13024 | D:8      | Killed Grum
 13044 | D:8      | Noticed Psyche
 13170 | D:8      | Found a white marble altar of Elyvilon.
 13209 | D:8      | Killed Psyche
 13209 | D:8      | Offered knowledge of Searing Ray by Vehumet.
 13321 | D:8      | Found a staircase to the Lair.
 13336 | D:8      | Noticed aspa's ghost (novice OpHW)
 13397 | D:8      | Reached ** piety under Vehumet
 13547 | D:8      | Found a runed translucent door.
 13734 | D:8      | Killed aspa's ghost
 13761 | D:8      | Got Ossyw's Discourse on Terrain
 13921 | D:9      | Noticed a two-headed ogre
 14013 | Lair:1   | Entered Level 1 of the Lair of Beasts
 15624 | Lair:2   | Reached XP level 12. HP: 81/81 MP: 8/15
 15963 | Lair:2   | Noticed Maggie
 15973 | Lair:2   | Killed Maggie
 16095 | Lair:2   | Found a staircase to the Swamp.
 16209 | Lair:2   | Offered knowledge of Momentum Strike by Vehumet.
 16215 | Lair:2   | Reached *** piety under Vehumet
 16704 | Lair:2   | Noticed a death yak
 16705 | Lair:2   | Noticed a death yak
 16710 | Lair:2   | Identified a scroll of acquirement
 16710 | Lair:2   | Acquired the +3 hat of Pondering {ponderous, Will+ MP+10
                  | Int+5}
 16710 | Lair:2   | Found the +3 hat of Pondering {ponderous, Will+ MP+10
                  | Int+5}
 16725 | Lair:2   | Killed a death yak
 16748 | Lair:2   | Noticed a death yak
 16748 | Lair:2   | Noticed a death yak
 16770 | Lair:2   | Killed a death yak
 16778 | Lair:2   | Killed a death yak
 16779 | Lair:2   | Killed a death yak
 16779 | Lair:2   | Offered knowledge of Fulminant Prism by Vehumet.
 17345 | Lair:3   | Found a hole to the Spider Nest.
 17520 | Lair:3   | Reached skill level 1 in Armour
 17790 | Lair:3   | Noticed Snorg
 17800 | Lair:3   | Killed Snorg
 17801 | Lair:3   | Reached XP level 13. HP: 78/88 MP: 6/16
 18529 | Lair:4   | Reached **** piety under Vehumet
 18740 | Lair:4   | Offered knowledge of Freezing Cloud by Vehumet.
 19361 | Lair:4   | Noticed Nessos
 19384 | Lair:4   | Killed Nessos
 19935 | Lair:5   | Entered Level 5 of the Lair of Beasts
 20180 | Lair:5   | Reached skill level 5 in Armour
 20581 | Lair:5   | Found a staircase to the Slime Pits.
 21011 | Lair:5   | Gained mutation: Your large and strong wings let you fly.
                  | [Gargoyle growth]
 21011 | Lair:5   | Reached XP level 14. HP: 40/96 MP: 17/17
 21527 | Lair:5   | HP: 3/96 [smoke demon/divine providence (15)]
 21993 | Lair:5   | Reached skill level 5 in Dodging
 22073 | Lair:5   | Reached ***** piety under Vehumet
 22797 | Lair:5   | Found a corrupted altar of Lugonu.
 22797 | Lair:5   | Found a one-way gate to the infinite horrors of the Abyss.
 22925 | Lair:5   | Offered knowledge of Yara's Violent Unravelling by Vehumet.
 23200 | D:9      | Found Ubireim's Magic Scroll Emporium.
 23502 | D:9      | Noticed Pikel
 23513 | D:9      | Killed Pikel
 23828 | D:10     | Entered Level 10 of the Dungeon
 24020 | D:10     | Found a snail-covered altar of Cheibriados.
 24278 | D:10     | Noticed Urug
 24283 | D:10     | Killed Urug
 24697 | D:11     | Found Util's Book Shop.
 24988 | D:12     | Noticed Lodul
 24997 | D:12     | Killed Lodul
 25368 | D:11     | Found Seudgh's Book Shoppe.
 25708 | D:11     | Found a staircase to the Orcish Mines.
 25727 | D:11     | Reached skill level 15 in Conjurations
 25931 | D:11     | Found Foaloman's Distillery.
 26034 | D:11     | Found Feuraluw's Antique Weapon Boutique.
 26047 | D:11     | Found Zoqor's Assorted Antiques.
 26189 | D:12     | Reached skill level 15 in Fighting
 26406 | D:12     | Found a broken altar of Ashenzari.
 27039 | D:13     | Offered knowledge of Arcjolt by Vehumet.
 27645 | D:13     | Killed from afar by an efreet

Illustrated notes

Levels and vault maps discovered:
D:1:      dpeg_cavernosity, layout_loops_ring, serial_forest,
          infiniplex_forest_lined_2, infiniplex_forest_clump_small,
          infiniplex_forest_lined_room_, infiniplex_forest_lined_room_2,
          infiniplex_forest_clump_small, infiniplex_forest_lined_2,
          infiniplex_forest_straight_1, shapermc_ecumenical_altar_mp_highgroup,
          minmay_misc_feat_pillars, lemuel_flame_loot_1
D:2:      layout_basic
D:3:      layout_basic, bloody_makhleb, minmay_cut_off, uniq_terence
D:4:      layout_rooms, mainiacjoe_overflow_concentric_impassable, led_sif_book,
          minmay_temple_entry_from_below_a, uniq_ijyb
D:5:      layout_layer_cave, mainiacjoe_overflow_six_doors_small,
          minmay_parallelograms, uniq_blork_the_orc
D:6:      layout_loops_corners, mainiacjoe_overflow_alcove_1,
          old_standard_altar, gup_sewer_entry_bubbles, gammafunk_ghost_split
D:7:      layout_cave_pods, lemuel_coloured_pillars_altar, lemuel_round_altar,
          hellmonk_guarded_unrand_zhor
D:8:      layout_rooms, elyvilon_altar_5, lair_entry_dummy,
          hellmonk_ghost_big_iron, enter_bailey_5, uniq_grum, uniq_maurice,
          uniq_psyche, uniq_amaemon
D:9:      layout_rooms, serial_shops, shop, uniq_pikel
D:10:     layout_loops_ring, general_overflow_altar, uniq_urug
D:11:     layout_rooms, david_orc_5, serial_shops, kennysheep_mini,
          kennysheep_little_box, nicolae_lakefront_shop, shop,
          nicolae_stop_n_shop_1
D:12:     layout_small_grid, ashenzari_altar_1, uniq_lodul
D:13:     layout_cave_pods
Temple:   nicolae_temple_ecumenical_triangle
Lair:1:   layout_roguey, beast_lair_carwin_11
Lair:2:   layout_roguey [special_room_bee], skrybe_swamp_entry_bodies,
          st_stairs_10, small_statue_intersection, uniq_maggie
Lair:3:   layout_loops_ring, spider_nest_entry_a, grunt_forest_stairs_basic,
          lemuel_fruit_tree, uniq_snorg
Lair:4:   layout_roguey [special_room_mythical_zoo], grunt_megastairs_2,
          uniq_nessos
Lair:5:   hellmonk_lair_end_abyssal_woods, layout_regular_city, slime_entry_1,
          cheibrodos_lair_lostbears

Skill      XL: |  1  2  3  4  5  6  7  8  9 10 11 12 13 14 |
---------------+-------------------------------------------+-----
Fighting       | 1 2 3 4 5 7 8 10 11 13 14 15 | 15.1
Conjurations   | 2 3 4 5 7 8 10 12 13 14 15 | 15.1
Fire Magic     | 4 5 6 7 8 10 11 12 13 14 | 14.2
Armour         | 1 5 7 |  7.6
Dodging        | 2 4 6 |  6.1
Stealth        | |  2.1
Spellcasting   | |  2.0

Action                   |  1- 3 |  4- 6 |  7- 9 | 10-12 | 13-15 || total
-------------------------+-------+-------+-------+-------+-------++-------
Melee: Dagger            |    34 |    34 |    51 |   117 |    24 ||   260
       Punch             |       |       |     1 |     1 |     1 ||     3
       Staff             |       |       |       |       |    28 ||    28
 Cast: Foxfire           |    83 |   168 |   283 |   294 |   454 ||  1282
       Scorch            |       |    10 |    16 |   102 |   234 ||   362
       Flame Wave        |       |       |       |    17 |    46 ||    63
  Use: Scroll            |     1 |     1 |     5 |    10 |     2 ||    19
       Potion            |       |       |       |     1 |     3 ||     4
 Stab: Sleeping          |     1 |       |     1 |       |       ||     2
Armor: Robe              |    31 |    27 |   100 |   196 |   326 ||   680
Dodge: Dodged            |    46 |    40 |   121 |   185 |   255 ||   647

Table legend: (Time is in decaauts)
 A = Elapsed time spent in this place.
 B = Non-inter-level travel time spent in this place.
 C = Inter-level travel time spent in this place.
 D = Time resting spent in this place.
 E = Time spent auto-exploring this place.
 F = Levels seen in this place.
 G = Mean time per level.
                   A        B        C        D        E       F      G
               +--------+--------+--------+--------+--------+-----+--------+
         Total |  28198 |  27249 |    949 |    995 |  22196 |  21 | 1342.8 |
       Dungeon |  17266 |  16704 |    562 |    300 |  14112 |  13 | 1328.2 |
        Temple |     40 |     33 |      7 |      0 |     28 |   1 |   40.0 |
          Lair |   9368 |   8988 |    380 |    695 |   6923 |   5 | 1873.6 |
         Sewer |    748 |    748 |      0 |      0 |    580 |   1 |  748.0 |
        Bailey |    773 |    773 |      0 |      0 |    553 |   1 |  773.0 |
               +--------+--------+--------+--------+--------+-----+--------+

Top non-repeatable levels by time:
  Lair:5: 2831 daAuts
     D:7: 1995 daAuts
     D:6: 1985 daAuts
     D:1: 1807 daAuts
  Lair:4: 1733 daAuts
  Lair:2: 1698 daAuts
     D:2: 1661 daAuts
  Lair:3: 1582 daAuts
  Lair:1: 1522 daAuts
     D:3: 1422 daAuts
     D:5: 1420 daAuts
    D:11: 1196 daAuts
     D:4: 1160 daAuts
     D:8: 1078 daAuts
    D:13: 1063 daAuts
